AoeStats
← 牛油果

Arabia

503507237Analyzed
1v1 RM · 1mo ago on Sep 1, 2026· 62m 38s· 2 players
Game mode
Random Map
Map size
Tiny (2 player)
Population
200
Speed
Normal
Resources
Standard
Victory
Conquest
Starting age
Dark Age
Ending age
Imperial Age
RankedLock teamsTeams togetherTeam positionsShared explorationLock speedFull tech treeHidden civsTurbo modeCheats
Victory
Defeat
🇭🇰 Armenians · Hong Kong SAR China
1849
+13
🇩🇰 Vietnamese · Denmark
1777
-13
Young Carter
6:48 Loom
9:25 Feudal Age
9:57 Double-Bit Axe
15:18 Fletching
16:22 Padded Archer Armor
19:57 Wheelbarrow
24:34 Castle Age
23:36 Gold Mining
24:43 Scale Barding Armor
24:54 Crossbowman
29:57 Hand Cart
31:23 Horse Collar
37:13 Imperial Age
34:41 Bodkin Arrow
36:24 Stone Mining
38:06 Bracer
39:15 Chemistry
39:39 Elite Skirmisher
41:04 Ballistics
40:48 Imperial Skirmisher
42:29 Leather Archer Armor
42:22 Thumb Ring
43:25 Bow Saw
43:16 Heavy Plow
47:00 Ring Archer Armor
46:43 Arbalester
49:20 Town Watch
51:14 Scale Mail Armor
51:24 Forging
53:32 Guard Tower
54:11 Bloodlines
54:01 Husbandry
54:23 Chain Barding Armor
55:07 Iron Casting
53:54 Light Cavalry
56:30 Plate Barding Armor
牛油果
5:54 Loom
9:18 Feudal Age
9:55 Double-Bit Axe
10:51 Man-at-Arms
17:10 Long Swordsman
23:03 Castle Age
22:42 Horse Collar
24:51 Bow Saw
32:11 Heavy Plow
33:24 Wheelbarrow
33:08 Fletching
34:06 Town Watch
38:13 Imperial Age
36:27 Bodkin Arrow
36:32 Padded Archer Armor
35:57 Elite Skirmisher
38:49 Leather Archer Armor
39:15 Masonry
40:05 Chemistry
39:06 Bracer
40:35 Leather Archer Armor
41:56 Ring Archer Armor
42:33 Squires
42:19 Gambesons
41:54 Two-Handed Swordsman
42:35 Scale Mail Armor
42:45 Forging
44:27 Chain Mail Armor
45:43 Plate Mail Armor
46:53 Iron Casting
46:04 Arson
47:21 Conscription
46:53 Champion
48:54 Conscription
50:02 Blast Furnace
49:17 Fereters
53:28 Hand Cart
53:35 Ballistics
56:07 Gold Mining
59:04 Gold Shaft Mining
58:20 Stone Mining
59:55 Murder Holes
60:10 Fortified Wall
61:12 Hoardings
62:08 Crossbowman
Connection lost

Rejoining the realm…

Still unreachable

The connection could not be restored.

Session expired

The server has moved on; the page needs a fresh start.